 Dungeon Crawl Stone Soup version 0.30.1-9-gdf580d7c3d (webtiles) character file.

Game seed: 15395760358918177405

56 Cheops the Sneak (level 3, 0/28 HPs)
             Began as a Naga Fire Elementalist on Oct 14, 2023.
             Killed from afar by Sigmund (19 damage)
             ... with a bolt of light
             ... on level 2 of the Dungeon.
             The game lasted 00:03:47 (1459 turns).

Cheops the Sneak (Naga Fire Elementalist)           Turns: 1459, Time: 00:03:48

Health: 0/28       AC:  2    Str: 10    XL:     3   Next: 95%
Magic:  5/7        EV:  9    Int: 17    God:
Gold:   54         SH:  0    Dex: 11    Spells: 5/8 levels left

rFire   . . .        (no weapon)
rCold   . . .        (no shield)
rNeg    . . .        a - +0 robe
rPois   +            (no helmet)
rElec   .            (no cloak)
rCorr   +            (no gloves)
SInv    +            (no barding)
Will    .....        (no amulet)
Stlth   +            f - ring of resist corrosion
HPRegen 0.24/turn    (no ring)
MPRegen 0.10/turn

%: no passive effects
@: confused, very slow
A: AC +1, large, see invisible, deformed body, poison resistance, slowness 2,
spit poison 1, naga tail 1
a: Spit Poison


You were on level 2 of the Dungeon.
You visited 1 branch of the dungeon, and saw 2 of its levels.

You collected 54 gold pieces.

Inventory:

Armour
 a - a +0 robe (worn)
Jewellery
 f - a ring of resist corrosion (left hand)
Scrolls
 c - 2 scrolls of identify {unknown}
 e - a scroll of teleportation {unknown}
 h - a scroll of enchant weapon {unknown}
 i - 3 scrolls of immolation {unknown}
Potions
 b - a potion of magic
 d - a potion of berserk rage {unknown}
 g - a potion of mutation {unknown}


   Skills:
 - Level 1.5 Dodging
 - Level 3.0 Stealth
 - Level 3.0 Spellcasting
 + Level 2.7 Conjurations
 - Level 3.0 Fire Magic


You had 5 spell levels left.
You knew the following spells:

 Your Spells              Type           Power      Damage    Failure   Level
a - Foxfire               Conj/Fire      48%        2x1d6     5%          1
b - Scorch                Fire           24%        2d6       8%          2

Your spell library contained the following spells:

 Spells                   Type           Power      Damage    Failure   Level
 Freeze                   Ice            8%         1d3       17%         1
 Poisonous Vapours        Pois/Air       4%         N/A       26%         2
 Inner Flame              Hex/Fire       7%         N/A       28%         3
 Volatile Blastmotes      Fire/Tloc      14%        2d11      28%         3
 Hailstorm                Conj/Ice       7%         3d4       30%         3
 Mephitic Cloud           Conj/Pois/Air  5%         N/A       36%         3
 Frozen Ramparts          Ice            4%         1d1       45%         3
 Flame Wave               Conj/Fire      12%        2d6       47%         4
 Freezing Cloud           Conj/Ice/Air   2%         6-21      98%         5


Dungeon Overview and Level Annotations

Branches:
Dungeon (2/15)

Altars:

Annotations:
D:2 Sigmund


Innate Abilities, Weirdness & Mutations

Your serpentine skin is tough. (AC +1)
You have supernaturally acute eyesight. (SInv)
Armour fits poorly on your strangely shaped body.
Your system is resistant to poisons. (rPois)
You cover ground very slowly.
You can spit poison.
You have a snake-like lower body.


Message History

Casting: Foxfire (safe; 5% risk of failure)
Confirm with . or Enter, or press ? or * to list all spells.
You conjure some foxfire!
Casting: Foxfire (safe; 5% risk of failure)
Confirm with . or Enter, or press ? or * to list all spells.
You conjure some foxfire!
The foxfire hits the kobold.
The kobold is heavily wounded.
The foxfire hits the kobold.
You kill the kobold!
Your foxfire dissipates!
Found an escape hatch in the ceiling.
i - 3 scrolls labelled QIRIELE HIEHE
Things that are here:
a +0 dagger; a kobold corpse Sigmund the Dreaded comes into view.
He is wielding a +0 scythe and carrying a wand of light (9).
Sigmund shouts!
Sigmund is suddenly surrounded by pale blue light.
Sigmund casts a spell at you. The magic dart hits you!
Sigmund is nearby!
Sigmund is nearby!
Sigmund is nearby!
Things that are here:
a +0 dagger; a kobold corpse
Casting: Foxfire (safe; 5% risk of failure)
Confirm with . or Enter, or press ? or * to list all spells.
Flames lash Sigmund.
Sigmund is lightly wounded.
Sigmund's fire resistance burns away.
Sigmund casts a spell at you.
You are confused.
You're too confused to cast spells.
You're too confused to cast spells.
You're too confused to cast spells.
You're too confused to cast spells.
You're too confused to cast spells.
You bump into the rock wall.
You bump into the rock wall.
Sigmund zaps a wand.
The bolt of light hits you!!
Ouch! That really hurt!
You die...

.......# #.#.#.## ..
#†##### . #)## ## . . )..##
. . .# ....## ####.# ##.# #
.♣P..######.##.### ... ...
..~.)............###.#.....
..~P.........###@.@........
.~~P...###...# #.###.......
..~..#.# #...###.# .......
....##.###.#.....# ...<...
...###..<.....#### @##....
#+## #####.#### .. .... #.#
#.# ## .## #.#### #.# #
.....#####.#


You could see Sigmund (combustible).

Vanquished Creatures
  An adder (D:2)
  A gnoll (D:1)
  A dart slug (D:1)
  2 ball pythons
  5 endoplasms
  A giant cockroach (D:1)
  4 goblins
  A hobgoblin (D:2)
  2 quokkas
  3 bats
  A frilled lizard (D:1)
  5 kobolds
  6 rats
33 creatures vanquished.

Vanquished Creatures (others)
  112 foxfires
112 creatures vanquished.

Grand Total: 145 creatures vanquished

Notes
Turn   | Place    | Note
-------+----------+-------------------------------------------
     0 | D:1      | Cheops the Naga Fire Elementalist began the quest for the
                  | Orb.
     0 | D:1      | Reached XP level 1. HP: 15/15 MP: 3/3
    27 | D:1      | Reached XP level 2. HP: 22/22 MP: 0/5
   237 | D:1      | Learned a level 2 spell: Scorch
   546 | D:1      | Reached XP level 3. HP: 23/28 MP: 3/7
  1453 | D:2      | Noticed Sigmund
  1459 | D:2      | Killed from afar by Sigmund

Illustrated notes

Levels and vault maps discovered:
D:1:      minmay_arrival_glassed_features, layout_loops_ring,
          kennysheep_decorative_pillar
D:2:      layout_loops_corners, serial_bayou, serial_bayou_pond_a,
          serial_bayou_crossing, serial_bayou_pond_e, serial_bayou_pond_b,
          st_stairs_10, uniq_sigmund

Skill      XL: |  1  2  3 |
---------------+----------+-----
Spellcasting   | 3 |  3.0
Conjurations   | 2 |  2.7
Dodging        | |  1.5
Stealth        | |  3.0
Fire Magic     | |  3.0

Action                     || total
---------------------------++-------
  Melee: Unarmed           ||    21
   Cast: Foxfire           ||    66
         Scorch            ||     1
Ability: Spit Poison       ||     2
 Armour: Robe              ||     6
  Dodge: Dodged            ||    12
